 Dungeon Crawl Stone Soup version 0.29.1-15-g9cfb28693d (webtiles) character file.

Game seed: 5184575567014661614

27 javelincjr the Magician (level 2, -1/20 HPs)
             Began as a Demonspawn Hedge Wizard on Mar 31, 2023.
             Slain by a hobgoblin (5 damage)
             ... on level 1 of the Dungeon.
             The game lasted 00:01:54 (985 turns).

javelincjr the Magician (Demonspawn Hedge Wizard)    Turns: 985, Time: 00:01:54

Health: -1/20      AC:  2    Str: 10    XL:     2   Next: 93%
Magic:  0/6        EV: 12    Int: 15    God:
Gold:   39         SH:  0    Dex: 12    Spells: 6/7 levels left

rFire   . . .      SeeInvis .   a - +0 dagger
rCold   . . .      Faith    .   (no shield)
rNeg    . . .      Spirit   .   b - +0 robe
rPois   .          Reflect  .   c - +0 hat
rElec   .          Harm     .   (no cloak)
rCorr   .          Rampage  .   (no gloves)
Will    .....                   (no boots)
Stlth   ++........              (no amulet)
HPRegen 0.06/turn               (no ring)
MPRegen 0.10/turn               (no ring)

@: very slightly contaminated
A: claws 1
a: no special abilities


You were on level 1 of the Dungeon.
You visited 1 branch of the dungeon, and saw 1 of its levels.

You collected 39 gold pieces.

Inventory:

Hand Weapons
 a - a +0 dagger (weapon)
Missiles
 f - 5 poisoned darts
 h - 6 atropa-tipped darts
Armour
 b - a +0 robe (worn)
 c - a +0 hat (worn)
Scrolls
 i - 3 scrolls of identify {unknown}
 l - a scroll of enchant armour {unknown}
Potions
 d - a potion of magic
 e - 2 potions of haste {unknown}
 g - a potion of resistance {unknown}
 j - a potion of curing {unknown}
 k - a potion of attraction {unknown}


   Skills:
 * Level 0.8 Fighting
 + Level 0.3 Armour
 + Level 2.0 Dodging
 - Level 1.8 Stealth
 * Level 3.2 Spellcasting
 + Level 1.2 Conjurations
 + Level 1.3 Summonings
 + Level 1.1 Translocations


You had 6 spell levels left.
You knew the following spells:

 Your Spells              Type           Power      Damage    Failure   Level
a - Magic Dart            Conj           24%        1d4       12%         1

Your spell library contained the following spells:

 Spells                   Type           Power      Damage    Failure   Level
 Call Imp                 Summ           6%         N/A       17%         2
 Blink                    Tloc           12%        N/A       19%         2
 Slow                     Hex            8%         N/A       21%         1
 Conjure Flame            Conj/Fire      4%         6-21      41%         3
 Mephitic Cloud           Conj/Pois/Air  3%         N/A       45%         3
 Iskenderun's Mystic Bla  Conj/Tloc      6%         2d4       75%         4
 Fulminant Prism          Conj/Hex       2%         3d6       83%         4
 Lee's Rapid Deconstruct  Erth           1%         3d5*      99%         5


Dungeon Overview and Level Annotations

Branches:
Dungeon (1/15)

Altars:


Innate Abilities, Weirdness & Mutations

You have sharp fingernails.


Message History

Aim: a giant cockroach (100% to hit)
The magic dart hits the giant cockroach but does no damage.
The giant cockroach bites you but does no damage.
The endoplasm hits you.
* * * LOW HITPOINT WARNING * * *
Casting: Magic Dart (safe; 12% risk of failure)
Confirm with . or Enter, or press ? or * to list all spells.
Aiming: Magic Dart (safe; 12% risk of failure)
Press: ? - help, Shift-Dir - straight line, f - endoplasm, p - giant cockroach
Aim: an endoplasm (heavily wounded, 100% to hit)
The magic dart hits the endoplasm.
You kill the endoplasm!
The giant cockroach bites you but does no damage.
Casting: Magic Dart (safe; 12% risk of failure)
Confirm with . or Enter, or press ? or * to list all spells.
Aiming: Magic Dart (safe; 12% risk of failure)
Press: ? - help, Shift-Dir - straight line, f - hobgoblin
Aim: a hobgoblin (100% to hit)
The magic dart hits the hobgoblin.
The hobgoblin is severely wounded.
The giant cockroach misses you. The hobgoblin closely misses you.
Casting: Magic Dart (safe; 12% risk of failure)
Confirm with . or Enter, or press ? or * to list all spells.
Aiming: Magic Dart (safe; 12% risk of failure)
Press: ? - help, Shift-Dir - straight line, f/p - hobgoblin
Aim: a hobgoblin (severely wounded, 100% to hit)
The magic dart hits the hobgoblin but does no damage.
The hobgoblin is severely wounded.
The giant cockroach misses you. The hobgoblin barely misses you.
Casting: Magic Dart (safe; 12% risk of failure)
Confirm with . or Enter, or press ? or * to list all spells.
Aiming: Magic Dart (safe; 12% risk of failure)
Press: ? - help, Shift-Dir - straight line, f/p - hobgoblin
Aim: a hobgoblin (severely wounded, 100% to hit)
You miscast Magic Dart.
You are very lightly contaminated with residual magic.
Nothing appears to happen.
The giant cockroach bites you but does no damage.
The hobgoblin hits you.
You die...

##...##### #..##.##.# #.#
###.### ####..##>##.# #.#
......#
#...........###########.#
###.#.#
#.##.##..#..............#
###.#.# #
#........#############
....#.# #.#####..####
.####.# #........# .# #.#
#..####..# .####.###..##
#.@# ...............gB#
.####.###..#####..
........ .. ....
........(. ....#
.##^##.###.. .##..# .##.#
.# . $ ..# ..... .. ..
..# #### ###


You could see a giant cockroach and a hobgoblin.

Vanquished Creatures
  A ball python (D:1)
  4 endoplasms (D:1)
  4 goblins (D:1)
  2 hobgoblins (D:1)
  5 jackals (D:1)
  3 quokkas (D:1)
  A rat (D:1)
20 creatures vanquished.

Notes
Turn   | Place    | Note
-------+----------+-------------------------------------------
     0 | D:1      | javelincjr the Demonspawn Hedge Wizard began the quest for
                  | the Orb.
     0 | D:1      | Reached XP level 1. HP: 13/13 MP: 4/4
   184 | D:1      | Reached skill level 1 in Translocations
   382 | D:1      | Gained mutation: You have sharp fingernails. [demonic
                  | ancestry]
   382 | D:1      | Reached XP level 2. HP: 17/19 MP: 0/6
   985 | D:1      | Slain by a hobgoblin

Illustrated notes

Levels and vault maps discovered:
D:1:      roderic_chinese_lattice_arrival, layout_loops_ring, minmay_distorted

Skill      XL: |  1  2 |
---------------+-------+-----
Translocations | 1 |  1.1
Dodging        | 2 |  2.0
Fighting       | |  0.8
Armour         | |  0.3
Stealth        | |  1.8
Spellcasting   | |  3.2
Conjurations   | |  1.2
Summonings     | |  1.3

Action                   || total
-------------------------++-------
Melee: Dagger            ||    47
 Cast: Magic Dart        ||    36
 Stab: Sleeping          ||     3
Armor: Robe              ||    13
Dodge: Dodged            ||    52
